 Dungeon Crawl Stone Soup version 0.30.1-11-g7821555f0a (webtiles) character file.

Game seed: 14696365517377862428

1090 caec the Insei (level 8, -15/59 (61) HPs)
             Began as a White Draconian Transmuter on Dec 18, 2023.
             Was an Initiate of Ru.
             Killed by divine providence
             ... invoked by an orc priest
              (17 damage)
             ... on level 6 of the Dungeon.
             The game lasted 00:24:43 (4555 turns).

caec the Insei (White Draconian Transmuter)         Turns: 4555, Time: 00:24:43

HP:   -15/59 (61)   AC:  2    Str: 13    XL:     8   Next: 9%
MP:   10/14         EV: 20    Int: 14    God:    Ru [......]
Gold: 148           SH:  0    Dex: 18    Spells: 9/15 levels left

rFire   . .          .
                       - Unarmed
rCold   + . .        (shield currently unavailable)
rNeg    . . .        (body armour unavailable)
rPois   x            (helmet currently unavailable)
rElec   .            (cloak currently unavailable)
rCorr   .            g - melded +0 pair of gloves
SInv    .            t - melded +0 pair of boots
Will    +....        (no amulet)
Stlth   ++           o - ring of willpower
HPRegen 0.29/turn    u - ring of protection from cold
MPRegen 0.14/turn

%: no passive effects
@: spider-form (expiring), lightly drained, invisible
A: venomous fangs, (breathe frost), AC +6, tiny, unfitting armour, (cold
resistance 1), (cold-blooded)
a: End Transformation, Renounce Religion, Sacrifice Experience, Sacrifice Skill,
Sacrifice Courage, Reject Sacrifices


You were on level 6 of the Dungeon.
You worshipped Ru.
Ru was noncommittal.
You were a venomous arachnid creature.
You visited 1 branch of the dungeon, and saw 6 of its levels.

You collected 232 gold pieces.
You spent 84 gold pieces at shops.

Inventory:

Missiles
 l - a curare-tipped dart (quivered)
 r - 2 poisoned darts
Armour
 g - a +0 pair of gloves (melded)
 t - a +0 pair of boots (melded)
Magical Staves
 e - a staff of cold
Jewellery
 o - a ring of willpower (left front pincers)
 u - a ring of protection from cold (right front pincers)
Wands
 h - a wand of digging (7)
Scrolls
 c - a scroll of fear {unknown}
 f - a scroll of teleportation
 j - 2 scrolls of torment
 m - a scroll of amnesia
 p - a scroll of noise
 v - a scroll of magic mapping {unknown}
 w - a scroll of vulnerability {unknown}
 x - a scroll of poison {unknown}
 y - 2 scrolls of enchant weapon {unknown}
 A - a scroll of immolation {unknown}
Potions
 a - 2 potions of lignification
 b - a potion of mutation {unknown}
 d - a potion of invisibility
 i - a potion of degeneration
 k - 6 potions of curing
 n - a potion of ambrosia {unknown}
 q - 2 potions of might
 s - a potion of cancellation {unknown}
 z - a potion of brilliance


   Skills:
 + Level 2.1 Fighting
 + Level 1.5 Throwing
 + Level 3.0 Dodging
 + Level 1.6 Stealth
 + Level 6.4 Unarmed Combat
 + Level 4.3 Spellcasting
 + Level 4.6 Transmutations
 + Level 0.5 Poison Magic


You had 9 spell levels left.
You knew the following spells:

 Your Spells              Type           Power      Damage    Failure   Level
a - Beastly Appendage     Tmut           32%        N/A       10%         1
b - Wereblood             Tmut           16%        N/A       13%         2
c - Spider Form           Tmut/Pois      10%        N/A       38%         3

Your spell library contained the following spells:

 Spells                   Type           Power      Damage    Failure   Level
 Apportation              Tloc           6%         N/A       38%         1
 Necrotise                Necr           12%        1d4       38%         1
 Summon Small Mammal      Summ           12%        N/A       38%         1
 Cigotuvi's Dreadful Rot  Necr/Pois/Air  6%         N/A       47%         2
 Ignite Poison            Fire/Tmut/Pois 7%         N/A       50%         3
 Ozocubu's Armour         Ice            3%         N/A       71%         3
 Vhi's Electric Charge    Tloc/Air       6%         N/A       71%         3
 Ice Form                 Ice/Tmut       9%         N/A       77%         4
 Summon Ice Beast         Ice/Summ       3%         N/A       96%         4
 Arcjolt                  Conj/Air       1%         1d11      100%        5
 Freezing Cloud           Conj/Ice/Air   1%         6-21      100%        5
 Summon Mana Viper        Hex/Summ       3%         N/A       100%        5
 Plasma Beam              Fire/Air       1%         2x1d12    100%        6
 Monstrous Menagerie      Summ           1%         N/A       100%        7
 Ozocubu's Refrigeration  Ice            1%         4d7       100%        7


Dungeon Overview and Level Annotations

Branches:
Dungeon (6/15)
 Temple: D:4-7

Altars:
Ru
Wu Jian

Shops:
D:1 =?   D:3 ??*   D:4 *


Innate Abilities, Weirdness & Mutations

You are a venomous arachnid creature.
You have venomous fangs.
You are tiny and dextrous.
Your spellcasting is less reliable in this form.
Your armour is entirely melded.
You are incapable of wielding weapons or throwing items.
((You can breathe waves of freezing cold which knock back foes.))
((Your icy white scales are hard. (AC +6)))
You cannot fit into any form of body armour.
((Your flesh is cold resistant. (rC+)))
((You are cold-blooded and may be slowed by cold attacks.))


Message History

You hear some strange, mumbled words.
A puff of flame appears from out of thin air!
The puff of flame hits you.
The orc priest mumbles some strange prayers to Beogh against you.
Beogh smites you! The bullfrog misses you.
The bullfrog attacks as you move away! The bullfrog hits you.
The white imp shouts, "Scamper away, thou peaked pigeon-egg yak-dropping!"
The orc priest mumbles some strange prayers to Beogh against you.
Beogh smites you!
* * * LOW HITPOINT WARNING * * *
You fade into invisibility!
Your horns disappear.
Your talons disappear.
Your +0 pair of boots unmelds from your body.
The bullfrog hits you.
* * * LOW HITPOINT WARNING * * *
The bullfrog closely misses you.
Your primal bloodlust is almost over.
The white imp shouts, "Get thee hence, thou ducking hedge-born scut!"
The bullfrog hits you.
* * * LOW HITPOINT WARNING * * *
Casting: Beastly Appendage (safe; 2% risk of failure)
Confirm with . or Enter, or press ? or * to list all spells.
Okay, then.
Okay, then.
Casting: Beastly Appendage (safe; 2% risk of failure)
Confirm with . or Enter, or press ? or * to list all spells.
You turn into a venomous arachnid creature.
Your +0 pair of gloves melds into your body.
Your +0 pair of boots melds into your body.
The bullfrog hits you.
* * * LOW HITPOINT WARNING * * *
Unknown command.
A magic dart appears from out of thin air!
The bullfrog completely misses you.
The orc priest calls down the wrath of Beogh upon the bullfrog.
The bullfrog writhes in agony.
Your transformation is almost over.
Your primal bloodlust has ended.
The orc priest mumbles some strange prayers to Beogh against you.
Beogh smites you!
You die...

##### ###......##
###.##..... #..........
######## #.##......#
#......#
######.###....##
##......#
#...##..###..##
........###.#.#....#####
#..........#{......#
###....s...oh5....#
#.[<#######....#####
##### ##...###..##
#...###....##
#..5##......#
#.#.h........
#.#.#...##... #.....###
#..#.##


You could see a howler monkey (wandering, unable to see you), an orc priest
(unable to see you) and a white imp (unable to see you).

Vanquished Creatures
  Sigmund (D:4)
  A sky beast (D:6)
  2 ogres
  A bullfrog (D:5)
  A gnoll sergeant (D:5)
  3 scorpions
  A howler monkey (D:4)
  2 hounds
  An iguana (D:5)
  Terence (D:2)
  9 gnolls
  3 adders
  5 worms
  A dart slug (D:3)
  11 orcs
  8 ball pythons
  4 endoplasms
  4 goblins
  13 hobgoblins
  7 kobolds
  9 quokkas
  4 bats
  3 frilled lizards
  8 rats
103 creatures vanquished.

Notes
Turn   | Place    | Note
-------+----------+-------------------------------------------
     0 | D:1      | caec the Draconian Transmuter began the quest for the Orb.
     0 | D:1      | Reached XP level 1. HP: 16/16 MP: 3/3
   158 | D:1      | Found Popnaasm's One-of-a-Kind Rings.
   169 | D:1      | Reached XP level 2. HP: 20/23 MP: 3/5
   172 | D:1      | Learned a level 2 spell: Wereblood
   530 | D:1      | Found Sinoetoch's Magic Scroll Emporium.
  1118 | D:2      | Noticed Terence
  1129 | D:2      | Reached XP level 3. HP: 26/28 MP: 1/6
  1146 | D:2      | Killed Terence
  1483 | D:2      | Found a faded altar of an unknown god.
  1507 | D:2      | Prayed at the altar of an unknown god.
  1507 | D:2      | Became a worshipper of Ru the Awakened
  1614 | D:3      | Reached XP level 4. HP: 35/35 MP: 4/8
  1776 | D:3      | Reached skill level 4 in Unarmed Combat
  1781 | D:3      | Found Hifuvy's General Store.
  1990 | D:3      | Reached XP level 5. HP: 15/40 MP: 6/9
  2107 | D:3      | Found Xuno Paa's Magic Scroll Boutique.
  2121 | D:3      | Bought a scroll of noise for 12 gold pieces
  2159 | D:3      | Found Veneu's Magic Scroll Shop.
  2582 | D:4      | Noticed Sigmund
  2599 | D:4      | Killed Sigmund
  2600 | D:4      | Reached skill level 5 in Unarmed Combat
  2600 | D:4      | Reached XP level 6. HP: 48/48 MP: 8/10
  2978 | D:4      | Reached skill level 1 in Throwing
  2983 | D:4      | Learned a level 3 spell: Spider Form
  2989 | D:4      | Found Tepsioti's Assorted Antiques.
  3031 | D:4      | Your scales start taking on an icy white colour.
  3031 | D:4      | Reached XP level 7. HP: 55/55 MP: 7/12
  3031 | D:4      | Gained mutation: Your flesh is cold resistant. (rC+) [White
                  | Draconian growth]
  3082 | D:4      | Reached skill level 1 in Stealth
  3382 | D:4      | Found an ornate altar of the Wu Jian Council.
  3419 | D:5      | Entered Level 5 of the Dungeon
  3819 | D:5      | Reached skill level 6 in Unarmed Combat
  4044 | D:1      | Bought a scroll of identify for 24 gold pieces
  4044 | D:1      | Bought a scroll of identify for 24 gold pieces
  4044 | D:1      | Bought a scroll of identify for 24 gold pieces
  4385 | D:5      | Reached XP level 8. HP: 31/61 MP: 14/14
  4551 | D:6      | HP: 1/59 [bullfrog (4)]
  4555 | D:6      | Killed from afar by an orc priest

Illustrated notes

Levels and vault maps discovered:
D:1:      dpeg_arrival_ratfight, layout_basic, serial_shops, shop,
          nicolae_shop_unique_rings
D:2:      layout_rooms, shapermc_ecumenical_altar_ellora, minmay_pentomino_t4,
          uniq_terence
D:3:      layout_rooms, serial_shops, shop, nicolae_shop_real_fake_doors, shop
D:4:      layout_cave_pools, nzn_wu_jian_contemplation, serial_shops,
          nicolae_shop_tiny_statue_garden, uniq_sigmund
D:5:      layout_rooms
D:6:      layout_rooms, minivault_19, minmay_misc_feat_more_columns,
          nrook_mini_backslash, nicolae_figureground_pulse

Skill      XL: |  1  2  3  4  5  6  7 |
---------------+----------------------+-----
Dodging        | 2 3 |  3.0
Unarmed Combat | 4 5 6 |  6.4
Spellcasting   | 3 4 |  4.3
Transmutations | 3 4 |  4.6
Fighting       | 2 |  2.1
Throwing       | 1 |  1.5
Stealth        | 1 |  1.6
Poison Magic   | |  0.5

Action                     |  1- 3 |  4- 6 |  7- 9 || total
---------------------------+-------+-------+-------++-------
  Melee: Unarmed           |   104 |    96 |    76 ||   276
         Headbutt          |    10 |    10 |    10 ||    30
         Kick              |    18 |    30 |    19 ||    67
         Tailslap          |    12 |     7 |     7 ||    26
         Punch             |     2 |     2 |     2 ||     6
  Throw: Dart              |     2 |    14 |     4 ||    20
   Cast: Beastly Appendage |    21 |    22 |    13 ||    56
         Wereblood         |     6 |     9 |     3 ||    18
         Spider Form       |       |       |     2 ||     2
Ability: Breathe Frost     |       |       |     2 ||     2
    Use: Scroll            |     4 |       |     5 ||     9
         Potion            |       |       |     1 ||     1
   Stab: Sleeping          |       |     1 |     2 ||     3
 Armour: Skin              |    26 |    24 |    27 ||    77
  Dodge: Dodged            |    54 |    66 |    61 ||   181
